AoeStats
← MrFUNAN

MegaRandom

509611179Analyzed
4v4 RM · 5d ago on Sep 27, 2026· 32m 29s· 8 players
Game mode
Random Map
Map size
Large (8 player)
Population
200
Speed
Normal
Resources
Standard
Victory
Conquest
Starting age
Dark Age
Ending age
Imperial Age
RankedLock teamsTeams togetherTeam positionsShared explorationLock speedFull tech treeHidden civsTurbo modeCheats
Victory
Defeat
1463
+16
🇨🇳 Vietnamese · China
1455
+17
🇨🇳 Malians · China
1416
+18
🇮🇳 Bulgarians · India
1413
+18
🇩🇪 Berbers · Germany
1515
-18
🇺🇸 Britons · United States
1483
-18
🇹🇷 Aztecs · Türkiye
1452
-17
🇨🇳 Teutons · China
1433
-16
dehinker
7:24 Loom
14:43 Feudal Age
18:15 Castle Age
16:08 Double-Bit Axe
16:08 Horse Collar
17:39 Scale Mail Armor
17:50 Forging
19:51 Bow Saw
21:02 Heavy Plow
32:26 Imperial Age
30:37 Fletching
30:47 Padded Archer Armor
30:29 Elite Skirmisher
32:03 Bodkin Arrow
Laljia
13:30 Feudal Age
12:42 Loom
20:04 Castle Age
18:27 Double-Bit Axe
18:26 Horse Collar
19:52 Forging
19:52 Scale Barding Armor
22:40 Wheelbarrow
22:56 Town Watch
25:38 Husbandry
26:33 Bloodlines
27:47 Chain Barding Armor
boo
胖过
13:44 Feudal Age
17:53 Castle Age
16:18 Double-Bit Axe
16:46 Horse Collar
21:35 Loom
23
爱烤番薯的机长
5:14 Loom
14:24 Feudal Age
15:00 Double-Bit Axe
17:57 Castle Age
16:01 Town Watch
16:21 Fishing Lines
16:45 Fletching
18:04 Crossbowman
18:55 Bodkin Arrow
19:00 Padded Archer Armor
19:17 Town Watch
20:11 Gillnets
24:04 Wheelbarrow
27:13 Thumb Ring
29:52 Hand Cart
31:37 Horse Collar
32:55 Ballistics
徽sir
9:07 Loom
13:38 Feudal Age
17:32 Castle Age
15:27 Double-Bit Axe
15:27 Horse Collar
17:33 Scale Barding Armor
17:49 Forging
17:28 Man-at-Arms
24:03 Fletching
27:42 Iron Casting
28:41 Wheelbarrow
28:25 Padded Archer Armor
28:25 Town Watch
32:20 Leather Archer Armor
MrFUNAN
8:18 Loom
15:55 Feudal Age
16:22 Double-Bit Axe
20:09 Castle Age
19:21 Fletching
19:25 Gold Mining
21:16 Bow Saw
22:21 Wheelbarrow
21:56 Bodkin Arrow
25:28 Scale Mail Armor
26:50 Forging
Connection lost

Rejoining the realm…

Still unreachable

The connection could not be restored.

Session expired

The server has moved on; the page needs a fresh start.